Unix NetHack Version 3.7.0-59 Work-in-progress - last build Jun 21 2022 21:34:18 (82e59222e4b6558e33156aede0636042c14940b8,branch:master). Game began 2022-06-25 17:43:20, ended 2022-06-25 18:15:47. seppokalevi7, lawful female dwarven Valkyrie ------ --------0# .....| ----- -------------########-.....)|# #|....| ----------- |...| |...........-# |......|#######.....| =-.+?.?????| |...| |...........|# |......|# #|....| #|+.??+?.??| |...| |......<..... |......|# #.....| #|..??..???| |...| |...........| ------|-# ###|..(.| #----------- |....####### -------------################# ## ----|- #### -.-.- ####### #####0############################## #### # # ################### ##### # # # # # # ## # # --|-- ## # # # # # ## # |...|### # # # # ###### |...|# #### # # # #------ |...|# ----------@-# -.--- ##### #|....| |....# |....>.....|# |...| # #-....| # ----- |.......{..|# |...-#### |^.^..## |..........|# |F..| ------ |...........# ----- ------------ Seppokalevi7 the Fighter St:15 Dx:16 Co:18 In:7 Wi:10 Ch:8 Lawful S:6838 Dlvl:3 $:200 HP:0(86) Pw:13(13) AC:2 Xp:8/1926 T:3578 Latest messages: You see here an uncursed credit card. Where do you want to be teleported? This door is locked. Unlock it with your skeleton key? [ynq] (q) You succeed in unlocking the door. The door opens. Pick an object. What do you want to drink? [dioKNRT or ?*] Wow! This makes you feel good! # What do you want to drink? [dioKNR or ?*] Yecch! This stuff tastes like poison. You feel weaker. You see here an uncursed credit card. Where do you want to be teleported? Where do you want to be teleported? # What do you want to dip? [a-dfiln-ptA-CGIKN-QSV or ?*] Dip it into the fountain? [yn] (n) Your long sword rusts! The fountain dries up! # The black pudding bites! The black pudding divides as you hit it! Your long sword corrodes! The black pudding bites! The black pudding divides as you hit it! Your long sword corrodes further! You kill the black pudding! Your long sword corrodes completely! You hit it. The black pudding bites! You kill the black pudding! There is a doorway here. You see here a small glob of black pudding. The black pudding bites! The black pudding divides as you hit it! You kill the black pudding! The globs of black pudding coalesce. The black pudding bites! You kill the black pudding! There is a small glob of black pudding here; eat it? [ynq] (n) You have a very bad case of stomach acid. You die... Do you want your possessions identified? [ynq] (y) Do you want to see your attributes? [ynq] (y) Do you want an account of creatures vanquished? [ynaq] (y) Do you want a list of species genocided? [ynq] (y) Do you want to see your conduct and achievements? [ynq] (y) Do you want to see the dungeon overview? [ynq] (y) Major events: Turn 1: seppokalevi7 the lawful dwarven Valkyrie entered the dungeon 1317: attained the rank of Skirmisher (level 3) 1409: entered the Gnomish Mines 2745: attained the rank of Fighter (level 6) 2935: performed her first genocide (leprechauns) 3578: killed by an acidic glob Inventory: Coins $ - 200 gold pieces Weapons C - a +0 elven bow b - a +0 dagger (at the ready) a - a cursed rusty thoroughly corroded +1 long sword (weapon in hand) Armor B - an uncursed +0 pair of elven boots (being worn) c - an uncursed +3 small shield (being worn) A - an uncursed +0 studded leather armor (being worn) Comestibles V - an uncursed egg Q - an uncursed lizard corpse Potions d - an uncursed potion of extra healing o - an uncursed potion of sleeping N - an uncursed potion of sleeping i - 2 uncursed potions of water K - an uncursed potion of water Rings P - an uncursed ring of searching (on left hand) f - an uncursed ring of teleport control (on right hand) Wands p - a wand of digging (0:4) O - a wand of undead turning (0:6) Tools G - a blessed crystal ball (0:5) S - an uncursed oil lamp n - an uncursed skeleton key I - an uncursed tin whistle Gems/Stones l - an uncursed worthless piece of green glass t - an uncursed worthless piece of yellow glass Seppokalevi7 the Valkyrie's attributes: Background: You were a Fighter, a level 8 dwarven Valkyrie. You were lawful, on a mission for Tyr who was opposed by Odin (neutral) and Loki (chaotic). You were in the Dungeons of Doom, on level 3. You entered the dungeon 3578 turns ago. You had 1926 experience points, 634 more were needed to attain level 9. Your score was 6838 before end-of-game adjustments. Basics: You had 0 out of 86 hit points. You had all 13 energy points (spell power). Your armor class was 2. Your wallet contained 200 zorkmids. Autopickup was off. Final Characteristics: Your strength was 15 (peak:18, limit:18/100). Your dexterity was 16 (limit:20). Your constitution was 18 (limit:20). Your intelligence was 7 (limit:16). Your wisdom was 10 (limit:16). Your charisma was 8 (limit:16). Final Status: You were not hungry. You were unencumbered. You were wielding a long sword. You were skilled in long sword. Final Attributes: You were piously aligned. You were cold resistant. You were sleep resistant. You had automatic searching. You had infravision. You were stealthy. You could teleport. You had teleport control. You were warded. You were fast. You are dead. Miscellaneous: You never encountered a bones level. Total elapsed playing time was 32 minutes and 26 seconds. Vanquished creatures: 4 black puddings a quivering blob 32 leprechauns a lizard a dingo a dust vortex a gnome mummy a rock piercer 3 yellow lights a violet fungus a kobold mummy a gray ooze an elf zombie a little dog a homunculus a kobold leader a rothe a centipede a giant bat a dwarf zombie an iguana 2 gas spores a hobgoblin a giant rat a brown mold a yellow mold a green mold a red mold a gnome a gnome zombie 3 geckos a jackal 2 foxes 2 sewer rats 4 grid bugs a bat a lichen a kobold zombie 6 newts 88 creatures vanquished. Genocided species: leprechauns 1 species genocided. Voluntary challenges: You read items or engraved 8 times. You never engraved Elbereth. You genocided 1 type of monster. You never polymorphed an object. You never changed form. You used no wishes. Achievements: You entered a shop. You attained the rank of Skirmisher. You entered the Gnomish Mines. You attained the rank of Fighter. The Dungeons of Doom: levels 1 to 8 Level 1: Level 2: A fountain. Level 3: <- You were here. A scroll shop, a sink. Final resting place for you, killed by an acidic glob. Level 4: An altar, a grave. Stairs down to The Gnomish Mines. Level 5: Level 6: Level 7: Level 8: The Gnomish Mines: Level 5: Game over: ---------- / \ / REST \ / IN \ / PEACE \ / \ | seppokalevi7 | | 200 Au | | killed by an | | acidic glob | | | | | | 2022 | *| * * * | * _________)/\\_//(\/(/\)/\//\/|_)_______ Farvel seppokalevi7 the Valkyrie... You died in The Dungeons of Doom on dungeon level 3 with 6818 points, and 200 pieces of gold, after 3578 moves. You were level 8 with a maximum of 86 hit points when you died.